 Dungeon Crawl Stone Soup version 0.29.0-4-gdea44cf6ec (webtiles) character file.

Game seed: 525012256097652042

8485 qw the Brawler (level 11, -5/105 HPs)
             Began as a Troll Cinder Acolyte on Sept 3, 2022.
             Was a Priest of Ignis.
             Slain by a centaur warrior
             ... wielding a staff of death
              (6 damage)
             ... on level 8 of the Dungeon.
             The game lasted 00:04:09 (6918 turns).

qw the Brawler (Troll Cinder Acolyte)               Turns: 6918, Time: 00:04:09

Health: -5/105     AC: 11    Str: 28    XL:     11   Next: 10%
Magic:  11/11      EV:  9    Int: 10    God:    Ignis [***...]
Gold:   604        SH:  0    Dex:  5    Spells: 12/12 levels left

rFire   + . .      SeeInvis .     - Unarmed
rCold   . . .      Faith    .   (no shield)
rNeg    . . .      Spirit   .   a - +0 robe
rPois   .          Reflect  .   (helmet restricted)
rElec   .          Harm     .   (no cloak)
rCorr   .          Rampage  .   (gloves unavailable)
Will    .....                   (boots unavailable)
Stlth   +.........              (no amulet)
HPRegen 1.07/turn               (no ring)
MPRegen 0.12/turn               (no ring)

@: about to teleport, fiery-armoured
A: large, unfitting armour, claws 3, regeneration 1, shaggy fur 1, tough skin 1
a: Renounce Religion, Fiery Armour, Foxfire Swarm, Rising Flame


You were on level 8 of the Dungeon.
You worshipped Ignis.
Ignis was most pleased with you.
You visited 1 branch of the dungeon, and saw 8 of its levels.

You collected 604 gold pieces.


Innate Abilities, Weirdness & Mutations

You are too large for most types of armour.
You have claws for hands.
Your natural rate of healing is unusually fast.
You are covered in fur. (AC +1)
You have tough skin. (AC +1)


   Skills:
 - Level 6.1 Fighting
 - Level 2.0 Throwing
 - Level 2.5 Dodging
 + Level 15.4 Unarmed Combat
 - Level 1.0 Spellcasting
 - Level 2.1 Fire Magic


You had 12 spell levels left.
You didn't know any spells.
Your spell library contained the following spells:

 Spells                   Type           Power      Damage    Failure   Level
 Scorch                   Fire           8%         2d5       22%         2

Inventory:

Missiles
 n - 2 boomerangs (quivered)
Armour
 a - a +0 robe (worn)
 i - a +0 kite shield
 j - +0 steam dragon scales
Jewellery
 m - a ring of ice
Scrolls
 b - a scroll of teleportation
 c - a scroll of enchant weapon
 f - a scroll of identify
 h - a scroll of enchant armour
Potions
 d - a potion of mutation
 g - a potion of cancellation
 k - 3 potions of might
 l - a potion of lignification {unknown}
 o - a potion of haste {unknown}

Dungeon Overview and Level Annotations

Branches:
Dungeon (8/15)             Temple (0/1) D:4
   Lair: D:8-11

Altars:
Ashenzari
Cheibriados
Elyvilon
Fedhas
Makhleb
Wu Jian
Zin


Message History

The centaur warrior hits you with a staff of death.
You writhe in agony.
The centaur warrior kicks you.
You scratch the centaur warrior but do no damage.
The centaur warrior hits you with a staff of death!
You writhe in agony.
The centaur warrior kicks you.
6913 ||| INVOKING Fiery Armour.
A protective cloak of flame settles atop you.
The centaur warrior hits you with a staff of death.
You writhe in agony!
The centaur warrior is burned by your cloak of flames.
The centaur warrior is lightly wounded.
The centaur warrior barely misses you. x2
The centaur warrior closely misses you.
6914 ||| READING 2 scrolls of teleportation.
As you read the scroll of teleportation, it crumbles to dust.
You feel strangely unstable.
The centaur warrior hits you but does no damage.
The centaur warrior kicks you but does no damage.
The centaur warrior is burned by your cloak of flames.
The centaur warrior is lightly wounded.
You claw the centaur warrior!
The centaur warrior is moderately wounded.
The centaur warrior barely misses you. x2
You barely miss the centaur warrior.
The centaur warrior is moderately wounded.
The centaur warrior hits you but does no damage.
You writhe in agony.
The centaur warrior is burned by your cloak of flames.
The centaur warrior is moderately wounded.
The centaur warrior kicks you but does no damage.
The centaur warrior is burned by your cloak of flames.
The centaur warrior is heavily wounded.
You claw the centaur warrior!
The centaur warrior is heavily wounded.
The centaur warrior hits you with a staff of death!
You writhe in agony!
The centaur warrior closely misses you.
You claw the centaur warrior!
The centaur warrior is severely wounded.
The centaur warrior hits you with a staff of death.
You die...

....##%.....# ##.c.
#......# ...# #......#
###)###......#
##...).##.....# #
##....#..##....# ######
##..#..##..##[..#
#.##.####..##..###..#.###
..##..#.#)###[#c@...#.#
).'##.#))))..###....#.#
..#..#))#|..%.#.###.#.#
#.#..####..###..##..#.#
##########..##..#..##.#
##.......##..#....##..#
#.........##.....##).##
..#.#####..#######..##
....# ##.........##


You could see a centaur warrior.

Vanquished Creatures
  A boulder beetle (D:8)
  A two-headed ogre (D:8)
  2 deep elf pyromancers (D:8)
  A gargoyle (D:8)
  2 trolls (D:8)
  Grinder (D:5)
  A hornet (D:5)
  Sigmund (D:2)
  A wyvern (D:8)
  7 yaks (D:8)
  Eustachio (D:6)
  A steam dragon (D:8)
  Edmund (D:4)
  A water moccasin (D:8)
  2 orc warriors (D:8)
  An ice beast (D:6)
  3 black bears
  A centaur (D:8)
  A phantom (D:5)
  A kobold brigand (D:7)
  10 bullfrogs
  A gnoll sergeant (D:8)
  3 scorpions
  18 wights
  8 howler monkeys
  2 hounds
  3 jellies
  2 gnoll boudas
  3 orc priests
  Natasha (thrice) (D:4)
  3 iguanas
  An orc wizard (D:8)
  5 gnolls
  3 adders
  A shadow imp (D:7)
  An ufetubus (D:5)
  3 dart slugs
  11 orcs
  5 ball pythons
  2 bats
  7 endoplasms
  8 giant cockroaches
  7 goblins
  7 hobgoblins
  10 kobolds
  4 quokkas
  8 frilled lizards
  5 rats
175 creatures vanquished.

Vanquished Creatures (others)
  An orc wizard (D:8)
1 creature vanquished.

Grand Total: 176 creatures vanquished

Notes
Turn   | Place    | Note
-------+----------+-------------------------------------------
     0 | D:1      | qw the Troll Cinder Acolyte began the quest for the Orb.
     0 | D:1      | Reached XP level 1. HP: 22/22 MP: 1/1
     0 | D:1      | 0 ||| qw: Version: 0.1-a-102-g441f92d
     0 | D:1      | 0 ||| qw: Game counter: 5101
     0 | D:1      | 0 ||| qw: Always use a shield: true
     0 | D:1      | 0 ||| qw: God list: Okawaru
     0 | D:1      | 0 ||| qw: Allow faded altars: false
     0 | D:1      | 0 ||| qw: Do Orc after D:15 true
     0 | D:1      | 0 ||| qw: Do second Lair branch before Depths: true
     0 | D:1      | 0 ||| qw: Lair rune preference: random
     0 | D:1      | 0 ||| qw: Plans: Normal
     0 | D:1      | 0 ||| PLANNING D:1-11
   215 | D:1      | Found a faded altar of an unknown god.
   232 | D:1      | Reached XP level 2. HP: 18/29 MP: 2/2
   421 | D:1      | Reached skill level 4 in Unarmed Combat
   535 | D:1      | 535 ||| Stepping ~*~*~tactically~*~*~ (outnumbered).
   690 | D:1      | Reached XP level 3. HP: 36/36 MP: 3/3
   756 | D:1      | You fall into a shaft and drop 1 floor!
   757 | D:2      | Identified the +3 dagger of the Poles {pain, rC+}
   837 | D:2      | 837 ||| READING 2 scrolls labelled MIDWIT VUOFICI.
   838 | D:2      | 838 ||| READING 2 scrolls labelled OXAN HARCHUVUEMA.
   839 | D:2      | 839 ||| READING scroll labelled IMAEL FACH.
   840 | D:2      | 840 ||| READING scroll labelled GISKOTS UTAGO.
   841 | D:2      | 841 ||| FLEEEEING.
   842 | D:2      | 842 ||| FLEEEEING.
   843 | D:2      | 843 ||| FLEEEEING.
   844 | D:2      | 844 ||| STAIRDANCE
  1034 | D:2      | 1034 ||| Stepping ~*~*~tactically~*~*~ (stealth).
  1040 | D:2      | 1040 ||| Stepping ~*~*~tactically~*~*~ (stealth).
  1041 | D:2      | 1041 ||| Stepping ~*~*~tactically~*~*~ (stealth).
  1051 | D:2      | 1051 ||| Stepping ~*~*~tactically~*~*~ (stealth).
  1052 | D:2      | 1052 ||| Stepping ~*~*~tactically~*~*~ (stealth).
  1078 | D:2      | 1078 ||| Stepping ~*~*~tactically~*~*~ (stealth).
  1084 | D:2      | 1084 ||| Stepping ~*~*~tactically~*~*~ (stealth).
  1085 | D:2      | 1085 ||| Stepping ~*~*~tactically~*~*~ (stealth).
  1104 | D:2      | 1104 ||| Stepping ~*~*~tactically~*~*~ (stealth).
  1105 | D:2      | 1105 ||| Stepping ~*~*~tactically~*~*~ (stealth).
  1146 | D:2      | 1146 ||| Stepping ~*~*~tactically~*~*~ (stealth).
  1168 | D:2      | Noticed Sigmund
  1178 | D:2      | HP: 7/36 [Sigmund/+0 scythe (11)]
  1179 | D:2      | 1179 ||| INVOKING Fiery Armour.
  1184 | D:2      | HP: 3/36 [Sigmund/+0 scythe (6)]
  1185 | D:2      | Killed Sigmund
  1186 | D:2      | Reached skill level 6 in Unarmed Combat
  1186 | D:2      | Reached XP level 4. HP: 5/44 MP: 4/4
  1186 | D:2      | Reached XP level 5. HP: 6/50 MP: 5/5
  1620 | D:2      | 1620 ||| READING scroll labelled ALEMORPHUIR.
  1621 | D:2      | 1621 ||| READING scroll labelled NOQEIK EWASADEA.
  1622 | D:2      | 1622 ||| DRINKING 2 viscous white potions.
  1623 | D:2      | 1623 ||| DRINKING 2 lumpy orange potions.
  1624 | D:2      | 1624 ||| READING 2 scrolls of identify.
  1624 | D:2      | 1624 ||| IDENTIFYING purple potion
  1625 | D:2      | 1625 ||| DROPPING potion of brilliance.
  1626 | D:2      | 1626 ||| DROPPING potion of flight.
  1771 | D:3      | 1771 ||| Stepping ~*~*~tactically~*~*~ (hiding).
  1780 | D:3      | 1780 ||| Stepping ~*~*~tactically~*~*~ (outnumbered).
  1786 | D:3      | 1786 ||| Stepping ~*~*~tactically~*~*~ (outnumbered).
  1813 | D:3      | 1813 ||| Stepping ~*~*~tactically~*~*~ (hiding).
  1918 | D:3      | 1918 ||| Stepping ~*~*~tactically~*~*~ (stealth).
  1923 | D:3      | Reached XP level 6. HP: 57/59 MP: 6/6
  2164 | D:3      | Found a glowing silver altar of Zin.
  2402 | D:3      | 2402 ||| READING scroll labelled CAEXAA FANK.
  2403 | D:3      | 2403 ||| READING scroll labelled QUGECE FIUSI.
  2407 | D:3      | 2407 ||| READING 2 scrolls of identify.
  2407 | D:3      | 2407 ||| IDENTIFYING black potion
  2408 | D:3      | 2408 ||| DROPPING potion of attraction.
  2490 | D:4      | Reached skill level 7 in Unarmed Combat
  2503 | D:4      | Noticed Natasha
  2513 | D:4      | Killed Natasha
  2525 | D:4      | Noticed Natasha
  2534 | D:4      | Killed Natasha
  2565 | D:4      | Identified the +8 whip of Fedhas's Fury {vorpal, Will++
                  | Int-2}
  2582 | D:4      | Noticed Edmund
  2584 | D:4      | 2584 ||| Stepping ~*~*~tactically~*~*~ (stealth).
  2593 | D:4      | 2593 ||| INVOKING Fiery Armour.
  2594 | D:4      | Killed Edmund
  2812 | D:4      | Reached skill level 8 in Unarmed Combat
  2812 | D:4      | Reached XP level 7. HP: 66/66 MP: 7/7
  2834 | D:4      | Noticed Natasha
  2836 | D:4      | Killed Natasha
  2837 | D:4      | Found a staircase to the Ecumenical Temple.
  3398 | D:4      | 3398 ||| READING scroll labelled CUTRISHRAEFF.
  3399 | D:4      | 3399 ||| READING scroll labelled JIAWIU LIYSS.
  3400 | D:4      | 3400 ||| READING 3 scrolls of identify.
  3400 | D:4      | 3400 ||| IDENTIFYING white potion
  3401 | D:4      | 3401 ||| READING 2 scrolls of identify.
  3401 | D:4      | 3401 ||| IDENTIFYING glowing black potion
  3402 | D:4      | 3402 ||| DROPPING potion of degeneration.
  3480 | D:5      | Entered Level 5 of the Dungeon
  3605 | D:5      | Reached skill level 3 in Fighting
  3763 | D:5      | Found a blossoming altar of Fedhas.
  3886 | D:5      | Reached skill level 9 in Unarmed Combat
  3902 | D:5      | Found a burning altar of Makhleb.
  3906 | D:5      | Noticed Grinder
  3918 | D:5      | 3918 ||| INVOKING Fiery Armour.
  3918 | D:5      | Killed Grinder
  3919 | D:5      | Reached XP level 8. HP: 23/75 MP: 8/8
  3987 | D:5      | Noticed a hornet
  3992 | D:5      | Killed a hornet
  4146 | D:5      | 4146 ||| DRINKING 2 inky potions.
  4147 | D:5      | 4147 ||| READING 2 scrolls of identify.
  4147 | D:5      | 4147 ||| IDENTIFYING fizzy orange potion
  4171 | D:6      | 4171 ||| INVOKING Fiery Armour.
  4177 | D:6      | 4177 ||| Stepping ~*~*~tactically~*~*~ (outnumbered).
  4178 | D:6      | 4178 ||| STAIRDANCE
  4204 | D:6      | 4204 ||| STAIRDANCE
  4215 | D:6      | 4215 ||| STAIRDANCE
  4220 | D:5      | Reached skill level 10 in Unarmed Combat
  4269 | D:6      | 4269 ||| Stepping ~*~*~tactically~*~*~ (outnumbered).
  4270 | D:6      | 4270 ||| Stepping ~*~*~tactically~*~*~ (outnumbered).
  4271 | D:6      | 4271 ||| Stepping ~*~*~tactically~*~*~ (outnumbered).
  4306 | D:6      | 4306 ||| Stepping ~*~*~tactically~*~*~ (stealth).
  4316 | D:6      | Found a white marble altar of Elyvilon.
  4325 | D:6      | Noticed Eustachio
  4335 | D:6      | 4335 ||| Stepping ~*~*~tactically~*~*~ (outnumbered).
  4336 | D:6      | 4336 ||| Stepping ~*~*~tactically~*~*~ (outnumbered).
  4341 | D:6      | 4341 ||| Stepping ~*~*~tactically~*~*~ (outnumbered).
  4342 | D:6      | 4342 ||| Stepping ~*~*~tactically~*~*~ (outnumbered).
  4343 | D:6      | 4343 ||| Stepping ~*~*~tactically~*~*~ (outnumbered).
  4345 | D:6      | 4345 ||| Stepping ~*~*~tactically~*~*~ (outnumbered).
  4347 | D:6      | 4347 ||| Stepping ~*~*~tactically~*~*~ (outnumbered).
  4348 | D:6      | Killed Eustachio
  4353 | D:6      | Reached skill level 11 in Unarmed Combat
  4353 | D:6      | Reached XP level 9. HP: 50/84 MP: 9/9
  4421 | D:6      | Found an ornate altar of the Wu Jian Council.
  4517 | D:6      | 4517 ||| Stepping ~*~*~tactically~*~*~ (stealth).
  4518 | D:6      | 4518 ||| Stepping ~*~*~tactically~*~*~ (stealth).
  4541 | D:6      | Found a broken altar of Ashenzari.
  4732 | D:6      | 4732 ||| READING scroll labelled ROUTRA ZUTOFFU.
  4733 | D:6      | 4733 ||| READING scroll labelled CUDOUC MUCAOCK.
  4734 | D:6      | 4734 ||| READING 2 scrolls of identify.
  4734 | D:6      | 4734 ||| IDENTIFYING blue potion
  4735 | D:6      | 4735 ||| DROPPING potion of berserk rage.
  4821 | D:7      | 4821 ||| Stepping ~*~*~tactically~*~*~ (stealth).
  4822 | D:7      | 4822 ||| Stepping ~*~*~tactically~*~*~ (stealth).
  4926 | D:7      | 4926 ||| Stepping ~*~*~tactically~*~*~ (stealth).
  5128 | D:7      | 5128 ||| Stepping ~*~*~tactically~*~*~ (outnumbered).
  5129 | D:7      | 5129 ||| Stepping ~*~*~tactically~*~*~ (outnumbered).
  5130 | D:7      | 5130 ||| Stepping ~*~*~tactically~*~*~ (outnumbered).
  5131 | D:7      | 5131 ||| Stepping ~*~*~tactically~*~*~ (outnumbered).
  5132 | D:7      | 5132 ||| Stepping ~*~*~tactically~*~*~ (outnumbered).
  5135 | D:7      | 5135 ||| Stepping ~*~*~tactically~*~*~ (outnumbered).
  5138 | D:7      | Reached skill level 12 in Unarmed Combat
  5221 | D:7      | 5221 ||| Stepping ~*~*~tactically~*~*~ (outnumbered).
  5222 | D:7      | 5222 ||| Stepping ~*~*~tactically~*~*~ (outnumbered).
  5223 | D:7      | 5223 ||| Stepping ~*~*~tactically~*~*~ (outnumbered).
  5224 | D:7      | 5224 ||| Stepping ~*~*~tactically~*~*~ (outnumbered).
  5225 | D:7      | 5225 ||| Stepping ~*~*~tactically~*~*~ (outnumbered).
  5311 | D:7      | 5311 ||| Stepping ~*~*~tactically~*~*~ (outnumbered).
  5440 | D:7      | Found a snail-covered altar of Cheibriados.
  5634 | D:7      | 5634 ||| READING 2 scrolls of identify.
  5634 | D:7      | 5634 ||| IDENTIFYING bubbling emerald potion
  5766 | D:8      | 5766 ||| Stepping ~*~*~tactically~*~*~ (stealth).
  5768 | D:8      | 5768 ||| Stepping ~*~*~tactically~*~*~ (stealth).
  5778 | D:8      | 5778 ||| FLEEEEING.
  5779 | D:8      | 5779 ||| FLEEEEING.
  5780 | D:8      | 5780 ||| FLEEEEING.
  5781 | D:8      | 5781 ||| FLEEEEING.
  5782 | D:8      | 5782 ||| FLEEEEING.
  5783 | D:8      | 5783 ||| FLEEEEING.
  5784 | D:8      | 5784 ||| FLEEEEING.
  5785 | D:8      | 5785 ||| FLEEEEING.
  5786 | D:8      | 5786 ||| FLEEEEING.
  5787 | D:8      | 5787 ||| FLEEEEING.
  5788 | D:8      | 5788 ||| FLEEEEING.
  5789 | D:8      | 5789 ||| FLEEEEING.
  5790 | D:8      | 5790 ||| FLEEEEING.
  5791 | D:8      | 5791 ||| FLEEEEING.
  5792 | D:8      | 5792 ||| FLEEEEING.
  5793 | D:8      | 5793 ||| FLEEEEING.
  5794 | D:8      | 5794 ||| FLEEEEING.
  5795 | D:8      | 5795 ||| FLEEEEING.
  5796 | D:8      | 5796 ||| FLEEEEING.
  5797 | D:8      | 5797 ||| FLEEEEING.
  5798 | D:8      | 5798 ||| FLEEEEING.
  5799 | D:8      | 5799 ||| FLEEEEING.
  5808 | D:8      | Reached skill level 13 in Unarmed Combat
  5808 | D:8      | 5808 ||| FLEEEEING.
  5809 | D:8      | 5809 ||| FLEEEEING.
  5810 | D:8      | 5810 ||| FLEEEEING.
  5811 | D:8      | 5811 ||| FLEEEEING.
  5812 | D:8      | 5812 ||| FLEEEEING.
  5860 | D:8      | 5860 ||| Stepping ~*~*~tactically~*~*~ (stealth).
  5867 | D:8      | Reached XP level 10. HP: 89/96 MP: 10/10
  5893 | D:8      | 5893 ||| DRINKING potion of curing.
  5893 | D:8      | 5893 ||| (to cure confusion)
  5901 | D:8      | 5901 ||| Stepping ~*~*~tactically~*~*~ (stealth).
  6081 | D:8      | Noticed a gargoyle
  6082 | D:8      | 6082 ||| FLEEEEING.
  6083 | D:8      | 6083 ||| FLEEEEING.
  6084 | D:8      | 6084 ||| FLEEEEING.
  6088 | D:8      | 6088 ||| FLEEEEING.
  6089 | D:8      | 6089 ||| FLEEEEING.
  6090 | D:8      | 6090 ||| FLEEEEING.
  6092 | D:8      | 6092 ||| Stepping ~*~*~tactically~*~*~ (hiding).
  6096 | D:8      | Killed a gargoyle
  6097 | D:8      | Reached skill level 14 in Unarmed Combat
  6223 | D:8      | 6223 ||| Stepping ~*~*~tactically~*~*~ (hiding).
  6230 | D:8      | 6230 ||| Stepping ~*~*~tactically~*~*~ (stealth).
  6256 | D:8      | 6256 ||| Stepping ~*~*~tactically~*~*~ (hiding).
  6276 | D:8      | 6276 ||| FLEEEEING.
  6277 | D:8      | 6277 ||| FLEEEEING.
  6278 | D:8      | 6278 ||| FLEEEEING.
  6279 | D:8      | 6279 ||| FLEEEEING.
  6284 | D:8      | 6284 ||| FLEEEEING.
  6285 | D:8      | 6285 ||| FLEEEEING.
  6286 | D:8      | 6286 ||| FLEEEEING.
  6287 | D:8      | 6287 ||| FLEEEEING.
  6288 | D:8      | 6288 ||| FLEEEEING.
  6289 | D:8      | 6289 ||| FLEEEEING.
  6290 | D:8      | 6290 ||| FLEEEEING.
  6291 | D:8      | 6291 ||| FLEEEEING.
  6292 | D:8      | 6292 ||| FLEEEEING.
  6293 | D:8      | 6293 ||| FLEEEEING.
  6333 | D:8      | 6333 ||| Stepping ~*~*~tactically~*~*~ (stealth).
  6334 | D:8      | 6334 ||| Stepping ~*~*~tactically~*~*~ (stealth).
  6364 | D:8      | Noticed a boulder beetle
  6365 | D:8      | 6365 ||| Stepping ~*~*~tactically~*~*~ (stealth).
  6367 | D:8      | 6367 ||| INVOKING Fiery Armour.
  6380 | D:8      | Reached skill level 1 in Throwing
  6385 | D:8      | Noticed a deep elf pyromancer
  6386 | D:8      | Noticed a two-headed ogre
  6389 | D:8      | Reached skill level 6 in Fighting
  6390 | D:8      | Killed a boulder beetle
  6392 | D:8      | 6392 ||| Stepping ~*~*~tactically~*~*~ (outnumbered).
  6397 | D:8      | Killed a deep elf pyromancer
  6403 | D:8      | HP: 14/98 [two-headed ogre/+0 giant club (18)]
  6403 | D:8      | HP: 3/98 [two-headed ogre/+0 giant club (11)]
  6404 | D:8      | 6404 ||| READING 4 scrolls of teleportation.
  6405 | D:8      | 6405 ||| DRINKING 4 potions of heal wounds.
  6406 | D:8      | Killed a two-headed ogre
  6407 | D:8      | Reached skill level 15 in Unarmed Combat
  6494 | D:8      | Reached XP level 11. HP: 105/105 MP: 11/11
  6682 | D:8      | Noticed a deep elf pyromancer
  6689 | D:8      | Noticed a centaur warrior
  6690 | D:8      | 6690 ||| INVOKING Fiery Armour.
  6691 | D:8      | 6691 ||| Stepping ~*~*~tactically~*~*~ (outnumbered).
  6700 | D:8      | HP: 23/105 [centaur warrior/staff of death (8)]
  6701 | D:8      | 6701 ||| READING 3 scrolls of teleportation.
  6701 | D:8      | Killed a deep elf pyromancer
  6702 | D:8      | 6702 ||| DRINKING 3 potions of heal wounds.
  6703 | D:8      | 6703 ||| DRINKING 2 potions of heal wounds.
  6705 | D:8      | 6705 ||| DRINKING potion of heal wounds.
  6893 | D:8      | 6893 ||| Stepping ~*~*~tactically~*~*~ (stealth).
  6905 | D:8      | 6905 ||| Stepping ~*~*~tactically~*~*~ (hiding).
  6906 | D:8      | 6906 ||| Stepping ~*~*~tactically~*~*~ (hiding).
  6909 | D:8      | 6909 ||| Stepping ~*~*~tactically~*~*~ (hiding).
  6913 | D:8      | 6913 ||| INVOKING Fiery Armour.
  6913 | D:8      | HP: 23/105 [centaur warrior/staff of death (11)]
  6914 | D:8      | 6914 ||| READING 2 scrolls of teleportation.
  6917 | D:8      | HP: 1/105 [centaur warrior/staff of death (11)]
  6918 | D:8      | Slain by a centaur warrior

Levels and vault maps discovered:
D:1:      dpeg_arrival_tiny_g, layout_loops_corners,
          shapermc_ecumenical_altar_mp_vishouse, minmay_heptomino_h4
D:2:      layout_loops_ring, uniq_sigmund
D:3:      layout_basic, mainiacjoe_overflow_chevrons, dk_vineyard_2,
          st_stairs_11
D:4:      layout_basic, minmay_temple_entry_glassed_door,
          kennysheep_cluttered_room, uniq_edmund, uniq_natasha
D:5:      layout_rooms, lemuel_round_altar, lemuel_round_altar, uniq_grinder
D:6:      layout_rooms, nicolae_ashenzari_skybound,
          nicolae_wu_jian_wuxing_cycle, elyvilon_altar_4, uniq_eustachio
D:7:      nicolae_cairo_tiling_large, layout_basic,
          mainiacjoe_overflow_tiny_flanked
D:8:      minmay_the_grid_octo_tiled_octocenter
          [minmay_the_grid_octo_vomiting_pacman, minmay_the_grid_octo_clover_2,
          minmay_the_grid_octo_pinwheel, minmay_the_grid_octo_teeth,
          minmay_the_grid_octo_prize_ultimate_mussel_roller,
          minmay_the_grid_square_5x5_longway,
          minmay_the_grid_square_5x5_tetrominoes,
          minmay_the_grid_square_5x5_mess, minmay_the_grid_square_5x5_inner_i],
          layout_rooms

Skill      XL: |  1  2  3  4  5  6  7  8  9 10 11 |
---------------+----------------------------------+-----
Unarmed Combat | 4 6 8 9 11 13 15 | 15.4
Fighting       | 3 4 5 6 |  6.1
Dodging        | 2 |  2.5
Throwing       | 1 2 |  2.0
Spellcasting   | |  1.0
Fire Magic     | |  2.1

Action                   |  1- 3 |  4- 6 |  7- 9 | 10-12 || total
-------------------------+-------+-------+-------+-------++-------
Melee: Unarmed           |    69 |   103 |   199 |   137 ||   508
       Punch             |     1 |     3 |     3 |     7 ||    14
Throw: Boomerang         |       |       |       |     3 ||     3
Invok: Fiery Armour      |     1 |     1 |     2 |     3 ||     7
  Use: Scroll            |     4 |     6 |     9 |     3 ||    22
       Potion            |       |     2 |     1 |     5 ||     8
Armor: Robe              |    13 |    22 |    41 |    48 ||   124
Dodge: Dodged            |    11 |    32 |    63 |    45 ||   151

Table legend:
 A = Non-vault XP
 B = Vault XP
 C = Vault XP percentage of total XP
 D = Non-vault monster count
 E = Vault monster count
 F = Vault count percentage of total count
                 A         B        C        D         E       F
            +---------+---------+-------+---------+---------+-------
      Total |    5422 |    6700 |  55.3 |     138 |      37 |  21.1
            +---------+---------+-------+---------+---------+-------
        D:1 |      39 |       4 |   9.3 |      16 |       3 |  15.8
        D:2 |      30 |     223 |  88.1 |      17 |       1 |   5.6
        D:3 |      82 |       8 |   8.9 |      21 |       3 |  12.5
        D:4 |     229 |     198 |  46.4 |      14 |       2 |  12.5
        D:5 |     942 |     286 |  23.3 |      11 |       1 |   8.3
        D:6 |     915 |     196 |  17.6 |      14 |       1 |   6.7
        D:7 |    1193 |       0 |   0.0 |      26 |       0 |   0.0
        D:8 |    1992 |    5785 |  74.4 |      19 |      26 |  57.8
            +---------+---------+-------+---------+---------+-------
